 Dungeon Crawl Stone Soup version 0.30.0-10-gfe55d96785 (webtiles) character file.

Game seed: 15138855151807784955

45 SnakkuSnakku7 the Stinger (level 3, -4/18 HPs)
             Began as a Vine Stalker Venom Mage on May 14, 2023.
             Constricted to death by Ijyb (5 damage)
             ... on level 3 of the Dungeon.
             The game lasted 00:01:51 (1557 turns).

SnakkuSnakku7 the Stinger (Vine Stalker Venom Mage) Turns: 1557, Time: 00:01:51

Health: -4/18      AC:  3    Str: 12    XL:     3   Next: 64%
Magic:  0/16       EV:  9    Int: 15    God:
Gold:   110        SH:  0    Dex: 14    Spells: 3/6 levels left

rFire   . . .        (no weapon)
rCold   . . .        (no shield)
rNeg    . . .        a - +0 robe
rPois   .            (no helmet)
rElec   .            (no cloak)
rCorr   .            h - +0 pair of gloves
SInv    .            (no boots)
Will    .....        f - amulet of magic regeneration
Stlth   ++           i - ring of magical power
HPRegen 0.23/turn    (no ring)
MPRegen 0.55/turn

%: guardian spirit
@: grasped by roots, constricted
A: fangs 2, magic shield, antimagic bite, no potion heal 2
a: no special abilities


You were on level 3 of the Dungeon.
You visited 1 branch of the dungeon, and saw 3 of its levels.

You collected 110 gold pieces.

Inventory:

Armour
 a - a +0 robe (worn)
 c - a +0 chain mail
 h - a +0 pair of gloves (worn)
 n - a +0 kite shield
Jewellery
 f - an amulet of magic regeneration (around neck)
 i - a ring of magical power (left hand)
Scrolls
 d - 4 scrolls of identify {unknown}
 e - a scroll of magic mapping {unknown}
 g - a scroll of teleportation {unknown}
 k - a scroll of fear {unknown}
 l - 2 scrolls of immolation {unknown}
 m - 3 scrolls of vulnerability {unknown}
Potions
 b - a potion of magic
 j - a potion of curing {unknown}
 o - a potion of might {unknown}


   Skills:
 + Level 1.8 Fighting
 - Level 1.5 Dodging
 - Level 2.4 Stealth
 - Level 0.7 Unarmed Combat
 - Level 2.1 Spellcasting
 - Level 1.0 Transmutations
 + Level 3.7 Poison Magic


You had 3 spell levels left.
You knew the following spells:

 Your Spells              Type           Power      Damage    Failure   Level
a - Sting                 Tmut/Pois      32%        1d4       9%          1
b - Poisonous Vapours     Pois/Air       14%        N/A       16%         2

Your spell library contained the following spells:

 Spells                   Type           Power      Damage    Failure   Level
 Static Discharge         Conj/Air       2%         2-3/arc   32%         2
 Mephitic Cloud           Conj/Pois/Air  5%         N/A       36%         3
 Olgreb's Toxic Radiance  Pois           12%        N/A       43%         4
 Airstrike                Air            0%         2d(1-17)  91%         4
 Summon Lightning Spire   Summ/Air       1%         N/A       91%         4
 Malign Gateway           Summ/Tloc      0%         N/A       100%        7
 Summon Horrible Things   Summ           0%         N/A       100%        8


Dungeon Overview and Level Annotations

Branches:
Dungeon (3/15)

Altars:

Annotations:
D:3 Ijyb


Innate Abilities, Weirdness & Mutations

You have extremely sharp teeth.
When hurt, damage is shared between your health and your magic reserves.
Your bite disrupts and absorbs the magic of your enemies.
Potions cannot restore your health.


Message History

Aiming: Sting (safe; 9% risk of failure)
Press: ? - help, Shift-Dir - straight line, f/p - Ijyb
Aim: Ijyb, wielding a +0 club, wearing a +0 scale mail and carrying a wand of roots (8) (heavily wounded, 64% to hit)
The sting hits Ijyb but does no damage.
Ijyb is poisoned.
Ijyb is heavily wounded.
Casting: Sting (safe; 9% risk of failure)
Confirm with . or Enter, or press ? or * to list all spells.
Aiming: Sting (safe; 9% risk of failure)
Press: ? - help, Shift-Dir - straight line, f/p - Ijyb
Aim: Ijyb, wielding a +0 club, wearing a +0 scale mail and carrying a wand of roots (8) (heavily wounded, poisoned, 64% to hit)
The sting hits Ijyb.
Ijyb looks even sicker.
Ijyb is heavily wounded.
Ijyb hits you but does no damage.
Unknown command.
Casting: Sting (safe; 9% risk of failure)
Confirm with . or Enter, or press ? or * to list all spells.
Aiming: Sting (safe; 9% risk of failure)
Press: ? - help, Shift-Dir - straight line, f/p - Ijyb
Aim: Ijyb, wielding a +0 club, wearing a +0 scale mail and carrying a wand of roots (8) (heavily wounded, very poisoned, 64% to hit)
The sting hits Ijyb but does no damage.
Ijyb looks even sicker.
Ijyb is heavily wounded.
Ijyb completely misses you.
You hit Ijyb but do no damage.
Ijyb is severely wounded.
Ijyb zaps a wand.
The roots erupt in riotous growth!
The grasping roots grab you!
Ijyb is unaffected.
The grasping roots constrict you.
You closely miss Ijyb. You bite Ijyb. You drain her power.
You feel invigorated.
Ijyb is almost dead.
Ijyb hits you with a +0 club.
* * * LOW HITPOINT WARNING * * *
The grasping roots constrict you!
* * * LOW HITPOINT WARNING * * *
You barely miss Ijyb. You bite Ijyb, but do no damage.
Ijyb is almost dead.
The endoplasm closely misses you. Ijyb hits you with a +0 club.
* * * LOW HITPOINT WARNING * * *
The grasping roots constrict you.
You die...

#.##.#.#.#.#†
#.##.........
#.##.#.#.#.#.
#............
#.#..#.#.#.#. ########
#.##.........
#......####.######.....
#......#...g# ######
#.....@#g##.#
#....Jg#.##.##
.....>..'.##..#####
##......#####J....#
#................#
####+##.#.#.#.#..#
#....?.....#
#.#.#.#.#..#
...........##


You could see Ijyb (very poisoned) and an endoplasm.

Vanquished Creatures
  An adder (D:3)
  2 worms (D:2)
  3 endoplasms
  A giant cockroach (D:1)
  2 goblins
  6 hobgoblins
  4 kobolds
  2 quokkas (D:2)
  5 ball pythons
  A bat (D:2)
  2 rats (D:2)
29 creatures vanquished.

Notes
Turn   | Place    | Note
-------+----------+-------------------------------------------
     0 | D:1      | SnakkuSnakku7 the Vine Stalker Venom Mage began the quest
                  | for the Orb.
     0 | D:1      | Reached XP level 1. HP: 9/9 MP: 4/4
   174 | D:1      | Reached XP level 2. HP: 14/14 MP: 3/6
   440 | D:1      | Reached skill level 1 in Fighting
   734 | D:2      | Learned a level 2 spell: Poisonous Vapours
   835 | D:2      | Reached XP level 3. HP: 18/18 MP: 7/7
  1532 | D:3      | Noticed Ijyb
  1557 | D:3      | Constricted to death by Ijyb

Illustrated notes

Levels and vault maps discovered:
D:1:      dpeg_arrival_pits, layout_basic, minivault_25, minivault_25,
          skrybe_limestone_x, grunt_decor_resistance,
          minmay_misc_feat_four_crosses
D:2:      layout_loops_ring, serial_bayou_lake_a
D:3:      layout_basic, gammafunk_temple_overflow_statue, serial_glass,
          glass_columns_c, glass_columns_c, feat_on_display, feat_on_display,
          hex_medium, uniq_terence, uniq_ijyb

Skill      XL: |  1  2 |
---------------+-------+-----
Fighting       | 1 |  1.8
Dodging        | |  1.5
Stealth        | |  2.4
Unarmed Combat | |  0.7
Spellcasting   | |  2.1
Transmutations | |  1.0
Poison Magic   | |  3.7

Action                     || total
---------------------------++-------
  Melee: Unarmed           ||    60
         Bite              ||    15
   Cast: Sting             ||    36
   Stab: Sleeping          ||     1
 Armour: Robe              ||     8
  Dodge: Dodged            ||    36
